 Dungeon Crawl Stone Soup version 0.18-a0-1745-gffa9a88 (webtiles) character file.

277916 abixa the Unseen (level 21, -6/132 HPs)
             Began as a Kobold Enchanter on Apr 10, 2016.
             Was the Champion of Dithmenos.
             Mangled by an ettin
             ... wielding a +0 dire flail
              (32 damage)
             ... on level 1 of the Depths on Apr 11, 2016.
             The game lasted 08:27:13 (52186 turns).

abixa the Unseen (Kobold Enchanter)                Turns: 52186, Time: 08:27:14

Health: -6/132     AC: 11    Str:  9    XL:     21   Next: 27%
Magic:  29/34      EV: 33    Int: 23    God:    Dithmenos [******]
Gold:   990        SH:  6    Dex: 17    Spells: 12 memorised, 1 level left

rFire  . . .     SeeInvis +     b - +3 rapier (elec)
rCold  . . .     Gourm    .     l - +1 robe of Fun and Games {+Fly}
rNeg   . . .     Faith    .     f - +0 buckler {reflect}
rPois  .         Spirit   .     B - +1 helmet {Int+3}
rElec  .         Dismiss  .     M - +2 cloak
rCorr  .         Reflect  +     J - +0 pair of gloves
SustAt .         Harm     .     P - +0 pair of boots
MR     +....                    u - amulet of regeneration
Stlth  ++++++++++               G - +5 ring of evasion
                                K - ring of see invisible

@: lethally poisoned (-6 -> -27), wreathed by umbra, somewhat resistant to
hostile enchantments, uncannily stealthy
A: carnivore 3
a: Shadow Step, Shadow Form, Renounce Religion, Evoke Flight
}: 2/15 runes: serpentine, barnacled


You were on level 1 of the Depths.
You worshipped Dithmenos.
Dithmenos was exalted by your worship.
You were completely stuffed.

You visited 7 branches of the dungeon, and saw 35 of its levels.
You visited the Abyss 1 time.
You visited 1 bazaar.
You also visited: Labyrinth, Ice Cave and Volcano.

You collected 4354 gold pieces.
You spent 3364 gold pieces at shops.

Inventory:

Hand Weapons
 a - a +8 quick blade of venom
 b - a +3 rapier of electrocution (weapon)
Missiles
 e - 5 throwing nets (quivered)
Armour
 f - a +0 buckler of reflection (worn)
 l - the +1 robe of Fun and Games (worn) {+Fly}
   (You found it on level 1 of the Depths)

   It lets you fly.
 B - a +1 helmet of intelligence (worn)
 J - a +0 pair of gloves (worn)
 M - a +2 cloak (worn)
 P - a +0 pair of boots (worn)
Rods
 c - a +3 lightning rod (0/13)
   (You took it off a merfolk javelineer on level 4 of the Shoals)
Jewellery
 u - an amulet of regeneration (around neck)
 C - the ring "Mocsenn" {MR+ Str+4}
   (You found it in a labyrinth)

   [ring of protection from magic]

   It affects your strength (+4).
   It affects your resistance to hostile enchantments.
 F - an uncursed ring of fire
 G - a +5 ring of evasion (right hand)
 I - an uncursed ring of protection from cold
 K - a ring of see invisible (left hand)
 L - an uncursed ring of positive energy
 O - an uncursed ring of sustain attributes
 Q - an uncursed ring of poison resistance
 W - an uncursed ring of wizardry
Wands
 d - a wand of digging (8/24)
 m - a wand of iceblast (7/15)
 q - a wand of disintegration (9/24)
 z - a wand of teleportation (3/9)
 H - a wand of paralysis (16/24)
 S - a wand of enslavement (15/24)
 U - a wand of lightning (8/15)
Scrolls
 i - 18 scrolls of remove curse
 j - 7 scrolls of fog
 k - a scroll of magic mapping
 n - 2 scrolls of vulnerability
 o - 7 scrolls of fear
 t - 5 scrolls of enchant armour
 v - 11 scrolls of teleportation
 A - 3 scrolls of blinking
 R - a scroll of holy word
Potions
 p - 14 potions of curing
 s - 3 potions of haste
 x - 3 potions of resistance
 E - 3 potions of cancellation
 Z - a potion of magic
Miscellaneous
 h - a plain deck of changes {drawn: 1}
 r - a plain deck of changes
 y - a plain deck of defence
 D - a box of beasts {used: 7}
 N - a plain deck of summoning
 T - a phial of floods
 V - a disc of storms
 Y - a stone of tremors
Comestibles
 g - 18 beef jerkies
 w - 6 chunks of flesh
 X - a meat ration


   Skills:
 - Level 14.0 Fighting
 - Level 10.0 Short Blades
 - Level 4.0 Armour
 + Level 15.7 Dodging
 - Level 20.0 Stealth
 * Level 4.4 Shields
 - Level 9.0 Spellcasting
 - Level 16.0 Hexes
 * Level 3.7 Summonings
 - Level 3.0 Translocations
 - Level 11.0 Ice Magic
 + Level 15.8 Evocations


You had one spell level left.
You knew the following spells:

 Your Spells              Type           Power        Failure   Level  Hunger
a - Corona                Hex            ######.      0%          1    None
b - Ensorcelled Hibernat  Hex/Ice        ######       1%          2    None
c - Confuse               Hex            ######..     1%          3    None
d - Tukima's Dance        Hex            ######..     1%          3    None
e - Cause Fear            Hex            ######....   1%          4    ##.....
f - Silence               Hex/Air        #####.....   10%         5    ####...
g - Gell's Gravitas       Hex/Tloc       ######....   1%          3    None
h - Metabolic Englaciati  Hex/Ice        ######....   1%          5    ####...
i - Apportation           Tloc           ###.......   1%          1    None
j - Blink                 Tloc           N/A          3%          2    None
k - Passage of Golubria   Tloc           N/A          21%         4    ##.....
l - Summon Ice Beast      Ice/Summ       #####...     3%          4    ##.....


Dungeon Overview and Level Annotations

Branches:
Dungeon (15/15)            Temple (1/1) D:6            Lair (8/8) D:11
 Shoals (4/4) Lair:5        Snake (4/4) Lair:3        Slime (0/6) Lair:8
    Orc (2/2) D:11            Elf (0/3) Orc:2        Vaults (0/5) D:13
 Depths (1/5) D:15

Altars:
Ashenzari
Cheibriados
Dithmenos
Elyvilon
Fedhas
Gozag
Kikubaaqudgha
Makhleb
Nemelex Xobeh
Okawaru
Pakellas
Qazlal
Ru
Trog
Vehumet
Xom
Yredelemnul
Zin
The Shining One
Beogh

Shops:
D:7 ?   D:8 }*   Orc:2 *!}[   Shoals:3 *   Shoals:4 [

Portals:
Hell: Depths:1
Pandemonium: Orc:2
Ziggurat: Depths:1


Innate Abilities, Weirdness & Mutations

You are small and have problems with some larger weapons.
You are carnivorous and can eat meat at any time.


Message History

You hear a splash.
You block the ettin's attack. The ettin hits you with a dire flail!!
You emit a cloud of dark smoke.
You hit the ettin but do no damage.
The ettin is almost dead.
Your shadow hits the ettin but does no damage.
You feel sick.
The centaur warrior shoots a poisoned arrow.
The poisoned arrow hits you!
* * * LOW HITPOINT WARNING * * *
You are more poisoned.
You emit a cloud of dark smoke.
You feel very sick.
The centaur warrior shoots a poisoned arrow.
You reflect the poisoned arrow off your +0 buckler of reflection!
The poisoned arrow hits the centaur warrior!
The centaur warrior looks even sicker.
You feel very sick. The ettin hits you with a dire flail!!
You die...

#..........#######
#..#≈)≈≈#..#
#..§≈(≈≈≈..#
#.§§§##≈≈..#
#§§§(##≈≈..#
#.(§§≈≈≈≈..#
#.§#§§§§#§.#
#(..§§C§§..#
##...§§§@§§.##
#c##########'##
#....g...QC...#
#...§...Q§..§.#
#...........s.#
#.............#
#.............#
#.............#
#.....(.......#


You could see an ettin.

Vanquished Creatures
  Saint Roka (Snake:3)
  Nikola (Shoals:3)
  Jorgrun (Shoals:3)
  Rupert (D:13)
  Polyphemus (Shoals:4)
  A sphinx (Depths:1)
  A tengu reaver (Depths:1)
  Kirke (D:15)
  A kraken (Shoals:4)
  Ilsuiw (Shoals:4)
  A balrug (Depths:1)
  2 greater nagas (Snake:4)
  A fire giant (Depths:1)
  A frost giant (Shoals:4)
  Roxanne (D:14)
  Aizul (Snake:2)
  3 stone giants (Depths:1)
  4 very ugly things (Depths:1)
  A dire elephant (D:15)
  Nessos (D:12)
  Azrael (D:13)
  7 merfolk javelineers (Shoals:4)
  7 merfolk impalers
  A quicksilver dragon zombie (Depths:1)
  An ettin (Depths:1)
  2 yaktaur captains (Depths:1)
  A fire dragon (Depths:1)
  Josephine (Shoals:1)
  A minotaur (Lab)
  The ghost of Qrupt the Protected, a journeyman HOGl of Gozag (Lair:2)
  3 ice dragons
  6 hydras
  The ghost of vev the Basher, a novice OgAM of Elyvilon (Lair:1)
  2 entropy weavers (Depths:1)
  20 naga warriors
  5 ogre magi
  2 catoblepae
  6 anacondas
  8 centaur warriors
  The ghost of Zhenya25pyc the Basher, a journeyman GrFi of Okawaru (Lair:2)
  An alligator snapping turtle (Shoals:4)
  4 merfolk aquamancers (Shoals:4)
  5 merfolk avatars
  A satyr (Shoals:4)
  A tengu warrior (Depths:1)
  A deep troll earth mage (Depths:1)
  16 death yaks
  Urug (D:13)
  16 naga sharpshooters
  8 shock serpents
  3 sun demons
  7 hell knights (Depths:1)
  7 orc high priests
  2 salamander mystics
  3 skeletal warriors (D:14)
  An infernal demonspawn (Orc:2)
  An unseen horror (D:10)
  13 sea snakes
  A kraken simulacrum (Shoals:4)
  3 hill giants
  4 naga ritualists
  A tengu zombie (Depths:1)
  4 deep trolls (Depths:1)
  20 harpies
  2 necromancers (Depths:1)
  2 lindwurms
  2 wizards
  2 mana vipers (Snake:3)
  A torturous demonspawn (Orc:2)
  A shadow dragon zombie (Depths:1)
  5 orc knights
  3 wolf spiders
  8 orc sorcerers
  2 deep elf magi
  11 salamanders
  10 cyclopes
  9 griffons
  6 fauns
  10 manticores
  15 ugly things
  32 black mambas
  5 elephants (Lair:7)
  7 sirens
  7 water nymphs
  20 naga magi
  A fire giant skeleton (Depths:1)
  A guardian serpent (shapeshifter) (D:15)
  2 orange demons (Orc:2)
  3 guardian serpents
  2 molten gargoyles (Volcano)
  4 gargoyles
  2 kobold demonologists
  16 spiny frogs
  A rime drake (Lair:4)
  2 centaur skeletons (D:11)
  An efreet (D:10)
  11 komodo dragons
  12 yaktaurs
  3 tengu conjurers (Depths:1)
  A queen bee (Lair:2)
  A red devil (D:15)
  An entropy weaver zombie (Depths:1)
  2 spriggan druids
  6 polar bears
  4 trolls
  3 wind drakes
  24 merfolk
  A hornet zombie (D:15)
  13 two-headed ogres
  A shadow dragon simulacrum (Depths:1)
  12 snapping turtles
  13 blink frogs
  A fire dragon zombie (Depths:1)
  A deep troll zombie (Depths:1)
  4 redbacks
  8 spriggans
  5 shadows
  4 wraiths (Shoals:1)
  48 yaks
  2 vampires
  6 fire elementals (D:13)
  8 water elementals
  3 tarantellas
  5 basilisks
  A wyvern (D:10)
  19 hippogriffs
  2 hogs (D:15)
  A steam dragon (D:11)
  A spriggan simulacrum (Depths:1)
  12 vampire mosquitoes
  4 wargs
  A mottled dragon (D:14)
  47 nagas
  13 water moccasins
  A hell hound (D:13)
  8 porcupines
  An entropy weaver simulacrum (Depths:1)
  3 wasps (Lair:8)
  5 black bears
  An eye of draining (D:15)
  31 orc warriors
  5 sky beasts
  3 necrophages
  24 ice beasts
  19 ogres
  3 boggarts (Depths:1)
  14 centaurs
  34 wolves
  A phantom (D:6)
  8 crocodiles
  3 big kobolds
  15 giant frogs
  A wyvern zombie (D:9)
  A wyvern skeleton (D:15)
  6 scorpions
  52 killer bees
  5 wights
  5 electric eels
  2 howler monkeys
  6 crimson imps
  A quasit (D:13)
  2 centaur zombies
  A hound (D:4)
  4 giant frog zombies
  4 jellies
  21 orc wizards
  26 orc priests
  A giant frog skeleton (D:4)
  Jessica (D:2)
  7 iguanas
  Terence (D:3)
  12 worker ants
  2 hell rats
  39 sheep
  A killer bee zombie (D:6)
  A hound skeleton (D:6)
  Robin (D:3)
  A howler monkey zombie (D:9)
  A worker ant zombie (D:5)
  7 gnolls
  A howler monkey skeleton (D:6)
  98 river rats
  24 adders
  2 shadow imps
  12 white imps (Lair:4)
  3 oozes
  An adder zombie (D:8)
  An adder skeleton (D:8)
  2 worms
  3 dart slugs
  A giant gecko (D:3)
  99 orcs
  5 giant cockroaches
  17 goblins
  7 hobgoblins
  6 jackals
  5 quokkas
  2 ball pythons
  9 bats
  A giant gecko zombie (D:5)
  3 giant newts
  19 kobolds
  2 quokka skeletons (D:9)
  12 rats
  A fungus (D:3)
  A plant (Depths:1)
1454 creatures vanquished.

Vanquished Creatures (collateral kills)
  A lich (Depths:1)
  3 greater nagas (Snake:4)
  Maud (Lair:7)
  An orc warlord (Orc:2)
  A vampire knight (Depths:1)
  2 merfolk javelineers (Shoals:4)
  An ogre mage (D:15)
  An orange crystal statue (D:10)
  A naga ritualist (Snake:4)
  A mana viper (Snake:1)
  2 fauns (Shoals:4)
  3 manticores
  A black mamba (Snake:4)
  4 water nymphs (Shoals:4)
  2 sirens (Shoals:4)
  3 merfolk
  A snapping turtle (Shoals:2)
  A water elemental (Shoals:4)
  A hippogriff (Shoals:4)
  2 orc warriors (Orc:2)
  3 centaurs
  An orc priest (Orc:2)
  4 orcs (Orc:2)
  A plant (Shoals:4)
42 creatures vanquished.

Vanquished Creatures (others)
  A salamander (Snake:3)
  2 humans (D:15)
  An ogre (Depths:1)
  24 fungi
  49 plants
  8 tentacles (Shoals:4)
  29 tentacle segments (Shoals:4)
114 creatures vanquished.

Grand Total: 1610 creatures vanquished

Notes
Turn   | Place    | Note
--------------------------------------------------------------
     0 | D:1      | abixa the Kobold Enchanter began the quest for the Orb.
     0 | D:1      | Reached XP level 1. HP: 10/10 MP: 3/3
   134 | D:1      | Reached XP level 2. HP: 15/15 MP: 5/5
   272 | D:1      | Learned a level 2 spell: Ensorcelled Hibernation
   577 | D:1      | Reached XP level 3. HP: 14/19 MP: 4/6
  1458 | D:1      | Reached XP level 4. HP: 5/24 MP: 2/7
  2268 | D:2      | Reached XP level 5. HP: 27/28 MP: 6/8
  2380 | D:2      | Noticed Jessica
  2439 | D:2      | Killed Jessica
  2495 | D:2      | Reached skill level 5 in Hexes
  3045 | D:2      | Reached XP level 6. HP: 32/32 MP: 9/9
  3329 | D:3      | Learned a level 3 spell: Confuse
  3333 | D:3      | Learned a level 3 spell: Tukima's Dance
  3507 | D:3      | Found an opulent altar of Gozag.
  3579 | D:3      | Noticed Robin
  3671 | D:3      | Killed Robin
  3804 | D:3      | Noticed Terence
  3809 | D:3      | Killed Terence
  3885 | D:3      | Found a radiant altar of Vehumet.
  3944 | D:3      | Reached XP level 7. HP: 26/37 MP: 0/10
  4262 | D:4      | Reached skill level 1 in Fighting
  4342 | D:4      | Reached skill level 1 in Ice Magic
  4512 | D:4      | Reached skill level 5 in Stealth
  4559 | D:4      | You fall through a shaft for 2 floors!
  4573 | D:6      | Reached skill level 5 in Short Blades
  4668 | D:5      | Entered Level 5 of the Dungeon
  4717 | D:5      | Reached XP level 8. HP: 45/45 MP: 8/11
  4916 | D:5      | You fall through a shaft!
  5055 | D:6      | Reached skill level 6 in Stealth
  5247 | D:4      | Found a shattered altar of Ashenzari.
  5251 | D:4      | Saw a vision of the Shoals and the Snake Pit.
  5251 | D:4      | Noticed a merfolk
  5251 | D:4      | Noticed a siren
  5251 | D:4      | Noticed a merfolk
  5251 | D:4      | Noticed a sea snake
  5251 | D:4      | Noticed a naga sharpshooter
  5251 | D:4      | Noticed a guardian serpent
  5251 | D:4      | Noticed a naga warrior
  5251 | D:4      | Noticed an anaconda
  5253 | D:4      | Noticed a naga warrior
  5576 | D:5      | Found a shimmering altar of Xom.
  5953 | D:6      | Found a staircase to the Ecumenical Temple.
  5994 | Temple   | Entered the Ecumenical Temple
  6020 | Temple   | Became a worshipper of Dithmenos the Shadowed
  6172 | D:6      | Reached skill level 5 in Dodging
  6416 | D:6      | Reached XP level 9. HP: 52/52 MP: 7/12
  6427 | D:6      | You fall through a shaft!
  6530 | D:7      | Reached skill level 7 in Stealth
  6665 | D:7      | Found Jaorumnu's Magic Scroll Emporium.
  6782 | D:7      | Found a sparkling altar of Nemelex Xobeh.
  7123 | D:7      | Found a sacrificial altar of Ru.
  7603 | D:8      | Reached * piety under Dithmenos
  7741 | D:8      | Found Rabb's Retail Resort.
  7772 | D:8      | Reached skill level 5 in Fighting
  7789 | D:8      | Reached skill level 8 in Stealth
  8129 | D:8      | Found Tatoroeg's Gadget Boutique.
  8137 | D:8      | Reached skill level 5 in Ice Magic
  8137 | D:8      | Reached XP level 10. HP: 59/59 MP: 8/13
  8286 | D:9      | Got a brightly glowing troll leather armour
  8297 | D:9      | Identified the cursed +0 troll leather armour of Jigsaw {-Tele rPois Regen+ Str+5} (You found it on level 9 of the Dungeon)
  8392 | D:9      | Found a burning altar of Makhleb.
  9086 | D:10     | Entered Level 10 of the Dungeon
  9086 | D:10     | Noticed a hill giant
  9177 | D:10     | Killed a hill giant
  9271 | D:10     | Reached skill level 9 in Stealth
  9349 | D:10     | Noticed an orange crystal statue
  9511 | D:10     | Reached ** piety under Dithmenos
  9806 | D:10     | Reached XP level 11. HP: 66/66 MP: 0/16
 10053 | D:10     | Noticed an unseen horror
 10058 | D:10     | Killed an unseen horror
 10332 | D:11     | Found a staircase to the Orcish Mines.
 10374 | D:11     | Noticed a six-headed hydra
 10381 | D:11     | Killed a six-headed hydra
 10381 | D:11     | Reached skill level 10 in Stealth
 10554 | D:11     | Found a staircase to the Lair.
 11061 | D:11     | Reached *** piety under Dithmenos
 11580 | D:11     | Noticed a green ugly thing
 11808 | D:11     | Killed a green ugly thing
 11808 | D:11     | Reached skill level 10 in Short Blades
 11843 | Lair:1   | Entered Level 1 of the Lair of Beasts
 11855 | Lair:1   | Reached skill level 11 in Stealth
 11855 | Lair:1   | Reached skill level 5 in Spellcasting
 11870 | Lair:1   | Reached XP level 12. HP: 73/73 MP: 19/19
 11911 | Lair:1   | Noticed vev's ghost (novice OgAM)
 11986 | Lair:1   | Killed vev's ghost
 12379 | Lair:1   | Reached skill level 5 in Evocations
 12738 | Lair:1   | Reached **** piety under Dithmenos
 13203 | Lair:2   | Noticed Zhenya25pyc's ghost (journeyman GrFi)
 13253 | Lair:2   | Found a labyrinth entrance.
 13286 | Lab      | Entered a labyrinth
 13818 | Lab      | Noticed a minotaur
 13824 | Lab      | Killed a minotaur
 13829 | Lab      | Identified the Reference Book on Venomous Arcane Weapons
 13829 | Lab      | Got a glittering brass ring
 13835 | Lab      | Identified the ring "Mocsenn" {MR+ Str+4} (You found it in a labyrinth)
 13866 | Lair:2   | Noticed Qrupt's ghost (journeyman HOGl)
 13980 | Lair:2   | Killed Zhenya25pyc's ghost
 14215 | Lair:2   | Killed Qrupt's ghost
 15256 | Lair:3   | Reached XP level 13. HP: 80/80 MP: 16/21
 15537 | Lair:3   | Reached ***** piety under Dithmenos
 15545 | Lair:3   | Found a staircase to the Snake Pit.
 16112 | Lair:4   | Reached skill level 10 in Evocations
 16211 | Lair:4   | Found a frozen archway.
 16267 | IceCv    | Entered an ice cave
 16408 | IceCv    | Reached skill level 10 in Dodging
 16731 | IceCv    | Reached skill level 12 in Stealth
 16801 | IceCv    | Noticed an ice dragon
 16802 | IceCv    | Noticed an ice dragon
 16806 | IceCv    | Killed an ice dragon
 16809 | IceCv    | Killed an ice dragon
 18111 | Lair:5   | Reached XP level 14. HP: 86/86 MP: 20/23
 19118 | Lair:5   | Reached skill level 1 in Armour
 19153 | Lair:5   | Found a staircase to the Shoals.
 19670 | Lair:6   | Reached skill level 13 in Stealth
 20163 | Lair:6   | Found a glowing silver altar of Zin.
 20476 | Lair:7   | Found a dark tunnel.
 20504 | Volcano  | Entered a volcano
 20678 | Volcano  | Reached ****** piety under Dithmenos
 20944 | Orc:1    | Entered Level 1 of the Orcish Mines
 21012 | Orc:1    | Reached skill level 10 in Fighting
 21993 | Orc:2    | Entered Level 2 of the Orcish Mines
 22216 | Orc:2    | Found a roughly hewn altar of Beogh.
 22586 | Orc:2    | Found a staircase to the Elven Halls.
 23002 | Orc:2    | Found Lumuywec's Distillery.
 23004 | Orc:2    | Found Hoodoxtu's General Store.
 23019 | Orc:2    | Reached skill level 14 in Stealth
 23180 | Orc:2    | Bought a potion of degeneration for 18 gold pieces
 23183 | Orc:2    | Bought a potion of heal wounds for 75 gold pieces
 23183 | Orc:2    | Bought a potion of resistance for 150 gold pieces
 23396 | Orc:2    | Reached XP level 15. HP: 93/93 MP: 21/24
 23665 | Orc:2    | Reached skill level 15 in Stealth
 23801 | Orc:2    | Found Nyiwkar's Antique Armour Boutique.
 23801 | Orc:2    | Found Humowk's Gadget Shop.
 23802 | Orc:2    | Found a one-way gate leading to the halls of Pandemonium.
 23842 | Orc:2    | Noticed an orc warlord
 23897 | Orc:2    | Cast into level 2 of the Abyss (orc warlord)
 23999 | Orc:2    | Escaped the Abyss
 24054 | Orc:2    | Killed an orc warlord
 25358 | Lair:7   | Noticed Maud
 25409 | Lair:7   | Killed Maud
 25738 | Lair:8   | Entered Level 8 of the Lair of Beasts
 25922 | Lair:8   | Reached skill level 10 in Ice Magic
 25958 | Lair:8   | Reached skill level 16 in Stealth
 26013 | Lair:8   | Found a staircase to the Slime Pits.
 26249 | Lair:8   | Reached skill level 10 in Hexes
 26552 | Lair:8   | Reached XP level 16. HP: 100/100 MP: 25/25
 27516 | Lair:1   | Learned a level 4 spell: Cause Fear
 27522 | Lair:1   | Learned a level 5 spell: Silence
 27564 | D:12     | Noticed Nessos
 27572 | D:12     | Killed Nessos
 28715 | D:13     | Noticed Azrael
 28738 | D:13     | Found a flickering gateway to a bazaar.
 28866 | Bazaar   | Entered a bazaar
 28866 | Bazaar   | Found Weinal's Magic Scroll Emporium.
 28866 | Bazaar   | Found Tilielyu's Book Shop.
 28866 | Bazaar   | Found Tijorgh's Weapon Shoppe.
 28868 | Bazaar   | Found Emaaguem's Weapon Shoppe.
 28930 | Bazaar   | Bought a scroll of teleportation for 36 gold pieces
 28930 | Bazaar   | Bought a scroll of fog for 24 gold pieces
 28930 | Bazaar   | Bought a scroll of teleportation for 36 gold pieces
 28930 | Bazaar   | Bought a scroll of recharging for 114 gold pieces
 28930 | Bazaar   | Bought a scroll of fog for 24 gold pieces
 28930 | Bazaar   | Bought a scroll of identify for 24 gold pieces
 28930 | Bazaar   | Bought a scroll of teleportation for 36 gold pieces
 28930 | Bazaar   | Bought a scroll of enchant armour for 90 gold pieces
 28938 | Bazaar   | Bought a book of Hinderance for 240 gold pieces
 28938 | Bazaar   | Bought a book of Spatial Translocations for 780 gold pieces
 28952 | D:13     | Learned a level 3 spell: Gell's Gravitas
 28958 | D:13     | Learned a level 5 spell: Metabolic Englaciation
 28960 | D:13     | Learned a level 1 spell: Apportation
 28993 | D:13     | Found a gate to the Vaults.
 29120 | D:13     | Killed Azrael
 29283 | D:12     | Reached skill level 17 in Stealth
 29391 | D:13     | Noticed Urug
 29399 | D:13     | Killed Urug
 29559 | D:13     | Noticed Rupert
 29573 | D:13     | Killed Rupert
 29697 | D:13     | Found an opulent altar of Gozag.
 30236 | D:14     | Noticed Roxanne
 30368 | D:14     | Killed Roxanne
 30373 | D:14     | Identified Roxanne's Compendium of the Rocks (You took it off Roxanne on level 14 of the Dungeon)
 30524 | D:14     | Reached skill level 1 in Translocations
 30802 | D:15     | Entered Level 15 of the Dungeon
 31000 | D:15     | Found a burning altar of Makhleb.
 31120 | D:15     | Reached XP level 17. HP: 106/106 MP: 22/27
 31504 | D:15     | Noticed Kirke
 31597 | D:15     | Killed Kirke
 32000 | D:15     | Found a staircase to the Depths.
 32222 | Lair:1   | Learned a level 2 spell: Blink
 32227 | Lair:1   | Upgraded the game from 0.18-a0-1730-g73f0523 to 0.18-a0-1745-gffa9a88
 32328 | D:7      | Bought a scroll of acquirement for 520 gold pieces
 32440 | Lair:1   | Got a warped cloak
 32543 | D:7      | Bought a scroll of brand weapon for 200 gold pieces
 32559 | D:7      | Identified the +0 cloak "Demyaso" {rF- MR+ Str+7} (You acquired it on level 1 of the Lair of Beasts)
 32744 | Snake:1  | Entered Level 1 of the Snake Pit
 34015 | Snake:2  | Noticed Aizul
 34030 | Snake:2  | Killed Aizul
 34566 | Snake:3  | Noticed Saint Roka
 35213 | Snake:3  | Got a faintly glowing scimitar
 35739 | Snake:3  | Killed Saint Roka
 36167 | Snake:3  | Reached XP level 18. HP: 94/112 MP: 23/30
 36218 | Snake:4  | Entered Level 4 of the Snake Pit
 36651 | Snake:3  | Identified the +6 scimitar "Zyobb" {drain, *Rage rC++ Dex+7} (You found it on level 3 of the Snake Pit)
 38924 | Snake:4  | Reached skill level 15 in Hexes
 40230 | Snake:4  | Got a serpentine rune of Zot
 40560 | D:10     | Got a transparent scale mail
 40620 | D:10     | Identified the +1 scale mail of the King of the Hill {rElec rN+ Str+7 Stlth-} (You found it on level 10 of the Dungeon)
 40727 | D:14     | Reached XP level 19. HP: 116/116 MP: 7/31
 40903 | Depths:1 | Entered Level 1 of the Depths
 41330 | Depths:1 | Found a gateway to Hell.
 41467 | Depths:1 | Got a ripped robe
 41480 | Depths:1 | Identified the +1 robe of Fun and Games {+Fly} (You found it on level 1 of the Depths)
 42434 | Shoals:1 | Entered Level 1 of the Shoals
 42449 | Shoals:1 | Reached skill level 18 in Stealth
 42493 | Shoals:1 | Noticed Josephine
 42605 | Shoals:1 | Killed Josephine
 44370 | Shoals:3 | Noticed Jorgrun
 44372 | Shoals:3 | Killed Jorgrun
 44619 | Shoals:3 | Found Qeawiu's General Store.
 44630 | Shoals:3 | Bought a scroll of holy word for 157 gold pieces
 44689 | Shoals:3 | Noticed Nikola
 44730 | Shoals:3 | Killed Nikola
 44855 | Shoals:3 | Reached skill level 15 in Dodging
 45129 | Shoals:3 | Reached XP level 20. HP: 124/124 MP: 30/33
 45189 | Shoals:4 | Entered Level 4 of the Shoals
 45198 | Shoals:4 | Found Vynomew's Antique Armour Shop.
 45406 | Shoals:4 | Noticed Ilsuiw
 45518 | Shoals:4 | Reached skill level 15 in Evocations
 45658 | Shoals:4 | Identified the Collected Works on Boosting Snow
 45783 | Shoals:4 | Bought a spiked troll leather armour for 840 gold pieces
 45808 | Shoals:4 | Identified the cursed +1 troll leather armour of Cocytus {-Cast rF+ Regen+ rCorr Int+5} (You bought it in a shop on level 4 of the Shoals)
 45844 | Shoals:4 | Reached skill level 19 in Stealth
 46206 | Shoals:4 | Noticed Polyphemus
 47283 | Shoals:4 | Killed Ilsuiw
 47520 | Shoals:3 | Reached skill level 20 in Stealth
 47622 | Shoals:4 | Killed Polyphemus
 49633 | Shoals:4 | Got a barnacled rune of Zot
 49951 | Shoals:4 | Reached skill level 1 in Shields
 50370 | Lair:1   | Learned a level 4 spell: Passage of Golubria
 50375 | Lair:1   | Learned a level 4 spell: Summon Ice Beast
 50573 | Depths:1 | Reached skill level 1 in Summonings
 50946 | Depths:1 | Paralysed by a vampire knight for 3 turns
 50991 | Depths:1 | HP: 5/127 [vampire knight/battleaxe (21)]
 51094 | Depths:1 | Reached XP level 21. HP: 103/132 MP: 31/34
 51253 | Depths:1 | Found a gateway to a ziggurat.
 52186 | Depths:1 | Mangled by an ettin

Vault maps used:
D:1:      dpeg_arrival_three_smaller_balls
D:2:      kennysheep_six_static_rooms, uniq_jessica
D:3:      lemuel_doored_altar, minmay_gold_behind_fungi, grunt_gozag_statues,
          uniq_robin, uniq_terence
D:4:      grunt_ashenzari_visionary
D:5:      basic_altar, first_bread
D:6:      nicolae_overflow_hidden_temple, overflow_temple_1_default,
          minmay_temple_entry_glassed_door, glass_columns_a
D:7:      marbit_many_paths, serial_shops, shop, the_bakery,
          nicolae_ru_path_of_blood
D:8:      serial_shops, kennysheep_little_box, nicolae_alphabet_shops
D:9:      basic_altar
D:10:     minmay_statue_bubble
D:11:     lair_0_dummy, orc_0_dummy, minmay_misc_feat_chi
D:12:     nrook_guardian_serpent_snake_passage, uniq_nessos
D:13:     david_vaults_2, serial_shops, bzr_entry_water, minmay_crystal_water,
          lemuel_statue_altar, uniq_urug, uniq_azrael, uniq_rupert
D:14:     hangedman_abyss_or_decor_passed, uniq_roxanne
D:15:     hangedman_depths_entry_try_elsewhere_first, lemuel_hellish_altar,
          uniq_kirke
Temple:   lightli_temple_of_artemis
Lair:1:   kennysheep_rathole, serial_bayou_lagoon_b
Lair:2:   lab_entry_generic, special_room, lemuel_fruit_tree,
          serial_bayou_shore_a
Lair:3:   minmay_lair_venomous_thicket, dummy_snake_entry
Lair:4:   portal_ice_cave_entry_imps
Lair:5:   minmay_shoals_entry_hut
Lair:6:   minivault_25, lemuel_centaur_altar
Lair:7:   lightli_volcano_entry_magma_tube, uniq_maud
Lair:8:   minmay_lair_end_enchanted_forest, slime_dummy
Shoals:1: nicolae_shoals_so_close, uniq_josephine
Shoals:3: serial_shops, nicolae_shop_statue_plus, uniq_jorgrun, uniq_nikola
Shoals:4: shoals_end_grunt_ice, shoal_ilsuiw, serial_shops,
          nicolae_shop_waterfront, uniq_polyphemus
Snake:2:  uniq_aizul
Snake:3:  st_stairs_9, uniq_saint_roka
Snake:4:  snake_pit, serial_bayou_pond_d
Orc:1:    nicolae_orc_accident_3
Orc:2:    pf_orc_diabolical, mines1_david
Depths:1: enter_ziggurat_b, hangedman_glass_teeth, lightli_too_deep,
          hangedman_abyss_or_decor_stagger, kennysheep_pointless_box,
          kennysheep_opposing_triangles
Lab:      labyrinth_skeletal_remains
Bazaar:   bazaar_minmay_generic_island
IceCv:    ice_cave_small_dragons
Volcano:  volcano_aerie

Skill      XL: |  1  2  3  4  5  6  7  8  9 10 11 12 13 14 15 16 17 18 19 20 21 |
---------------+----------------------------------------------------------------+-----
Short Blades   | 2 3 4 5 6 8 9 10 | 10.0
Hexes          | 4 5 6 7 8 9 10 12 16 | 16.0
Fighting       | 2 3 5 6 7 9 10 11 12 13 14 | 14.0
Ice Magic      | 2 3 5 6 7 8 9 10 11 | 11.0
Dodging        | 3 5 6 7 9 10 11 12 13 15 | 15.7
Stealth        | 5 6 8 9 11 12 14 16 17 18 20 | 20.0
Spellcasting   | 3 5 6 8 9 |  9.0
Evocations     | 9 10 11 12 14 15 | 15.8
Armour         | 3 4 |  4.0
Translocations | 3 |  3.0
Shields        | 3 4 |  4.4
Summonings     | 2 3 |  3.7

Action                   |  1- 3 |  4- 6 |  7- 9 | 10-12 | 13-15 | 16-18 | 19-21 || total
-------------------------+-------+-------+-------+-------+-------+-------+-------++-------
Melee: Dagger            |    72 |   221 |   360 |   551 |   334 |   163 |       ||  1701
       Rapier            |       |       |       |       |   952 |   727 |   458 ||  2137
       Quick blade       |       |       |       |       |       |   815 |   691 ||  1506
Throw: Stone             |     1 |     5 |     2 |     4 |       |       |       ||    12
       Tomahawk          |       |       |       |     2 |       |       |       ||     2
 Cast: Corona            |     9 |    27 |     9 |    14 |     5 |     8 |       ||    72
       Ensorcelled Hiber |     8 |    25 |    57 |   176 |   298 |   384 |   284 ||  1232
       Confuse           |       |       |    20 |    30 |    37 |   102 |   106 ||   295
       Metabolic Englaci |       |       |       |       |       |     1 |     2 ||     3
       Blink             |       |       |       |       |       |       |    13 ||    13
       Apportation       |       |       |       |       |       |       |     2 ||     2
       Silence           |       |       |       |       |       |       |     6 ||     6
       Cause Fear        |       |       |       |       |       |       |     4 ||     4
       Tukima's Dance    |       |       |       |       |       |       |     2 ||     2
       Summon Ice Beast  |       |       |       |       |       |       |     5 ||     5
Invok: Shadow Step       |       |       |       |       |       |       |     3 ||     3
 Abil: Evoke Flight      |       |       |       |       |       |       |    21 ||    21
Evoke: Wand              |       |       |       |     3 |     2 |     2 |    10 ||    17
       Sack of spiders   |       |       |       |       |     2 |     1 |    11 ||    14
       Box of beasts     |       |       |       |       |       |     4 |     3 ||     7
       Stone of tremors  |       |       |       |       |       |     4 |     1 ||     5
       Phial of floods   |       |       |       |       |       |     2 |     2 ||     4
       Rod               |       |       |       |       |       |       |    11 ||    11
       Deck              |       |       |       |       |       |       |     1 ||     1
  Use: Scroll            |       |       |     6 |    10 |     7 |    17 |     5 ||    45
       Potion            |       |       |       |       |       |       |     2 ||     2
 Stab: Sleeping          |    11 |    20 |    42 |   147 |   230 |   223 |   157 ||   830
       Confused          |       |       |    13 |    20 |    20 |    64 |    62 ||   179
       Distracted        |       |       |       |     3 |     7 |     6 |    15 ||    31
  Eat: Chunk             |     8 |    13 |    18 |    22 |    45 |    45 |    44 ||   195
